 Dungeon Crawl Stone Soup version 0.21.1-1-g345015f (webtiles) character file.

67 tidbits the Insei (level 4, 23/34 HPs)
             Began as a Gnoll Transmuter on Mar 23, 2018.
             Quit the game in the Ecumenical Temple.
             The game lasted 00:03:08 (342 turns).

tidbits the Insei (Gnoll Transmuter)                 Turns: 342, Time: 00:03:08

Health: 23/34      AC:  3    Str: 12    XL:     4   Next: 16%
Magic:  11/11      EV: 15    Int: 16    God:
Gold:   62         SH:  0    Dex: 16    Spells: 3/13 levels left

rFire    . . .     SeeInvis .     - Unarmed
rCold    . . .     Gourm    .   (no shield)
rNeg     . . .     Faith    .   b - +0 robe
rPois    .         Spirit   .   (helmet restricted)
rElec    .         Reflect  .   C - +0 cloak
rCorr    .         Harm     .   (no gloves)
MR       .....                  (no boots)
Stlth    ++........             (no amulet)
HPRegen  0.11/turn              (no ring)
MPRegen  0.12/turn              (no ring)

@: no status effects
A: distributed training, antennae 1, fangs 1, mutation resistance 1, strong nose
a: no special abilities


You were in the Ecumenical Temple.
You were not hungry.

You visited 2 branches of the dungeon, and saw 7 of its levels.

You collected 62 gold pieces.

Inventory:

Hand Weapons
 g - a +0 dagger
Missiles
 a - 12 arrows
Armour
 b - a +0 robe (worn)
 C - a +0 cloak (worn)
Scrolls
 e - 3 scrolls of identify {unknown}
 i - a scroll of amnesia {unknown}
 j - a scroll of blinking {unknown}
Potions
 f - a potion of mutation {!q}
 h - a potion of heal wounds {unknown}
 k - a potion of haste {unknown}
Books
 c - a book of Changes

   Spells                             Type                      Level
   a - Beastly Appendage              Transmutation                1
   b - Sticks to Snakes               Transmutation                2
   c - Spider Form                    Transmutation/Poison         3
   d - Ice Form                       Ice/Transmutation            4
   e - Blade Hands                    Transmutation                5
Comestibles
 d - 3 rations


   Skills:
 + Level 2.7 Fighting
 + Level 1.0 Short Blades
 + Level 1.0 Long Blades
 + Level 1.0 Axes
 + Level 1.0 Maces & Flails
 + Level 1.0 Polearms
 + Level 1.0 Staves
 + Level 1.0 Slings
 + Level 1.0 Bows
 + Level 1.0 Crossbows
 + Level 1.0 Throwing
 + Level 1.0 Armour
 + Level 4.6 Dodging
 + Level 1.0 Stealth
 + Level 1.0 Shields
 + Level 6.6 Unarmed Combat
 + Level 5.0 Spellcasting
 + Level 0.8 Conjurations
 + Level 0.8 Hexes
 + Level 0.8 Charms
 + Level 0.8 Summonings
 + Level 0.8 Necromancy
 + Level 0.8 Translocations
 + Level 3.8 Transmutations
 + Level 0.8 Fire Magic
 + Level 0.8 Ice Magic
 + Level 0.8 Air Magic
 + Level 0.8 Earth Magic
 + Level 0.8 Poison Magic
 + Level 1.1 Invocations
 + Level 1.0 Evocations


You had 3 spell levels left.
You knew the following spells:

 Your Spells              Type           Power        Failure   Level  Hunger
e - Beastly Appendage     Tmut           ###...       3%          1    None
i - Ice Form              Ice/Tmut       ##......     50%         4    ####...
k - Sticks to Snakes      Tmut           ###.....     4%          2    #......
p - Spider Form           Tmut/Pois      ##........   17%         3    ###....


Dungeon Overview and Level Annotations

Branches:
Dungeon (6/15)             Temple (1/1) D:6

Altars:
Dithmenos
Nemelex Xobeh
Sif Muna
Trog
Vehumet
Wu Jian
Xom
Zin
The Shining One


Innate Abilities, Weirdness & Mutations

Your experience applies equally to all skills.
You have very sharp teeth.
Your uncanny sense of smell can sniff out nearby items.
You have a pair of small antennae on your head.
You are somewhat resistant to further mutation.


Message History

You hit the orc wizard. You claw the orc wizard!
The orc wizard is severely wounded.
The orc wizard looks braver for a moment.
You closely miss the orc wizard.
The orc wizard is severely wounded.
The orc wizard hits you with a dagger.
You completely miss the orc wizard. Your bite misses the orc wizard.
The orc wizard is severely wounded.
The orc wizard completely misses you.
You hit the orc wizard.
You bite the orc wizard, but do no damage.
The orc wizard is almost dead.
The orc priest invokes the aid of Beogh against you.
Beogh smites you!
Ouch! That really hurt!
* * * LOW HITPOINT WARNING * * *
The orc wizard hits you but does no damage.
You hit the orc wizard.
You kill the orc wizard!
Your Spellcasting skill increases to level 5!
You have reached level 3!
Your experience leads to an increase in your attributes!
Increase (S)trength, (I)ntelligence, or (D)exterity?
You feel clever.
The orc priest looks encouraged for a moment.
It was a potion of mutation.
You feel extremely strange.
You feel genetically stable. A pair of antennae grows on your head!
It was a potion of might.
You feel very mighty all of a sudden.
You closely miss the orc priest. You claw the orc priest.
The orc priest is moderately wounded.
The orc priest closely misses you.
You punch the orc priest!
You kill the orc priest!
Your Short Blades skill increases to level 1!
Your Long Blades skill increases to level 1!
Your Axes skill increases to level 1!
Your Maces & Flails skill increases to level 1!
Your Polearms skill increases to level 1!
Your Staves skill increases to level 1!
Your Slings skill increases to level 1!
Your Bows skill increases to level 1!
Your Crossbows skill increases to level 1!
Your Throwing skill increases to level 1!
Your Armour skill increases to level 1!
Your Stealth skill increases to level 1!
Your Shields skill increases to level 1!
Your Invocations skill increases to level 1!
Your Evocations skill increases to level 1!
You have reached level 4!
You feel agile.
Your talons disappear.
e - 3 scrolls labeled ZIOTIUTS HIAX (gained 1)
Things that are here:
a mace; a dagger; a robe
g - a dagger
Found 13 gold pieces.
Unknown command.
An orc and an orc priest come into view.
Found a trident.
You see here 13 gold pieces.
You now have 62 gold pieces (gained 13).
Found a stone staircase leading down.
You see here a trident.
There is a stone staircase leading down here.
You climb downwards.
You hear the hiss of flowing sand.
There is an entrance to an ossuary on this level.
Hurry and find it before the portal is buried!
There is a stone staircase leading up here.
Magic restored.
You feel a little less mighty now.
Found a robe.
Memorise Sticks to Snakes, consuming 2 spell levels and leaving 10?
You start memorising the spell.
You continue memorising. x2
You finish memorising.
Spell assigned to 'k'.
Memorise Spider Form, consuming 3 spell levels and leaving 7?
You start memorising the spell.
You continue memorising. x3
You finish memorising.
Spell assigned to 'p'.
This spell is very dangerous to cast!
Memorise Ice Form, consuming 4 spell levels and leaving 3?
You start memorising the spell.
You continue memorising. x4
You finish memorising.
Spell assigned to 'i'.
Found a stone staircase leading up.
Found a golden potion.
Found a staircase to the Ecumenical Temple.
You hear the slow hiss of a very distant avalanche of sand.
You see here a golden potion.
k - a golden potion
There is a staircase to the Ecumenical Temple here.
You climb downwards.
Welcome to the Ecumenical Temple!
Found a bloodstained altar of Trog and a radiant altar of Vehumet.
There is a staircase back to the Dungeon here.
Found an ornate altar of the Wu Jian Council.
Unknown command.
Found a glowing silver altar of Zin.
Found a deep blue altar of Sif Muna.
Found a shadowy altar of Dithmenos.
Found a glowing golden altar of the Shining One.
Found a sparkling altar of Nemelex Xobeh.
Found a shimmering altar of Xom.
Are you sure you want to abandon this character and quit the game? (Confirm with "yes".)

...............≈≈≈≈§≈≈§
................§≈≈§≈§≈
.._........._....≈≈§≈§§
..................≈≈≈≈§≈
...................≈§≈§≈
....................§§§≈
................_....≈§≈
....................§§≈≈
................@......≈
........................
........._.............§
.....................§.§
....§§............§§§...
§≈§≈§§≈≈≈≈≈≈≈§≈§≈≈§≈≈§§≈
§≈≈§≈≈§≈≈≈≈§§§≈≈≈≈§§§≈≈≈
≈≈≈≈§≈§≈≈≈≈§§§≈≈§§≈≈§§§


There were no monsters in sight!

Vanquished Creatures
  An orc priest (D:5)
  An orc wizard (D:5)
  2 orcs (D:5)
  A ball python (D:2)
  A giant cockroach (D:2)
  A hobgoblin (D:2)
  A frilled lizard (D:2)
  A kobold (D:3)
  A rat (D:3)
10 creatures vanquished.

Notes
Turn   | Place    | Note
-------+----------+-------------------------------------------
     0 | D:1      | tidbits the Gnoll Transmuter began the quest for the Orb.
     0 | D:1      | Reached XP level 1. HP: 17/17 MP: 6/6
   200 | D:5      | Entered Level 5 of the Dungeon
   207 | D:5      | Reached XP level 2. HP: 23/23 MP: 5/7
   219 | D:5      | Reached skill level 5 in Spellcasting
   219 | D:5      | Reached XP level 3. HP: 8/28 MP: 6/9
   220 | D:5      | Gained mutation: You are somewhat resistant to further mutation. [potion of mutation]
   220 | D:5      | Gained mutation: You have a pair of small antennae on your head. [potion of mutation]
   223 | D:5      | Reached skill level 1 in Short Blades
   223 | D:5      | Reached skill level 1 in Long Blades
   223 | D:5      | Reached skill level 1 in Axes
   223 | D:5      | Reached skill level 1 in Maces & Flails
   223 | D:5      | Reached skill level 1 in Polearms
   223 | D:5      | Reached skill level 1 in Staves
   223 | D:5      | Reached skill level 1 in Slings
   223 | D:5      | Reached skill level 1 in Bows
   223 | D:5      | Reached skill level 1 in Crossbows
   223 | D:5      | Reached skill level 1 in Throwing
   223 | D:5      | Reached skill level 1 in Armour
   223 | D:5      | Reached skill level 1 in Stealth
   223 | D:5      | Reached skill level 1 in Shields
   223 | D:5      | Reached skill level 1 in Invocations
   223 | D:5      | Reached skill level 1 in Evocations
   223 | D:5      | Reached XP level 4. HP: 10/34 MP: 7/11
   273 | D:6      | Learned a level 2 spell: Sticks to Snakes
   277 | D:6      | Learned a level 3 spell: Spider Form
   282 | D:6      | Learned a level 4 spell: Ice Form
   294 | D:6      | Found a staircase to the Ecumenical Temple.
   305 | Temple   | Entered the Ecumenical Temple
   342 | Temple   | Quit the game

Skill      XL: |  1  2  3 |
---------------+----------+-----
Spellcasting   | 5 |  5.0
Short Blades   | 1 |  1.0
Long Blades    | 1 |  1.0
Axes           | 1 |  1.0
Maces & Flails | 1 |  1.0
Polearms       | 1 |  1.0
Staves         | 1 |  1.0
Slings         | 1 |  1.0
Bows           | 1 |  1.0
Crossbows      | 1 |  1.0
Throwing       | 1 |  1.0
Armour         | 1 |  1.0
Stealth        | 1 |  1.0
Shields        | 1 |  1.0
Invocations    | 1 |  1.1
Evocations     | 1 |  1.0
Fighting       | |  2.7
Dodging        | |  4.6
Unarmed Combat | |  6.6
Conjurations   | |  0.8
Hexes          | |  0.8
Charms         | |  0.8
Summonings     | |  0.8
Necromancy     | |  0.8
Translocations | |  0.8
Transmutations | |  3.8
Fire Magic     | |  0.8
Ice Magic      | |  0.8
Air Magic      | |  0.8
Earth Magic    | |  0.8
Poison Magic   | |  0.8

Action                   |  1- 3 |  4- 6 || total
-------------------------+-------+-------++-------
Melee: Unarmed           |    21 |       ||    21
       Headbutt          |     2 |       ||     2
       Bite              |     2 |       ||     2
       Kick              |     4 |       ||     4
 Cast: Beastly Appendage |     5 |       ||     5
  Use: Potion            |     2 |       ||     2
 Stab: Sleeping          |     1 |       ||     1
Armor: Robe              |     2 |       ||     2
Dodge: Dodged            |     7 |       ||     7

Table legend:
 A = Turns spent in this place as a percentage of turns spent in the entire game.
 B = Non-inter-level travel turns spent in this place as a percentage of non-inter-level travel turns spent in the entire game.
 C = Inter-level travel turns spent in this place as a percentage of turns spent in this place.
 D = Turns resting spent in this place as a percentage of non-inter-level travel turns spent in this place.
 E = Turns spent auto-exploring this place as a percentage of non-inter-level travel turns spent in this place.
 F = Non-inter-level travel turns spent in this place divided by the number of levels of this place that you've seen.
                   A       B       C       D       E      F
               +-------+-------+-------+-------+-------+----------------------
         Total | 100.0 | 100.0 |   0.0 |   0.0 |   0.0 |  48.9
       Dungeon |  89.2 |  89.2 |   0.0 |   0.0 |   0.0 |  50.8
        Temple |  10.8 |  10.8 |   0.0 |   0.0 |   0.0 |  37.0
               +-------+-------+-------+-------+-------+----------------------

Table legend:
 A = Kills in this place as a percentage of kills in entire the game.
 B = Kills by you in this place as a percentage of kills by you in the entire game.
 C = Kills by friends in this place as a percentage of kills by friends in the entire game.
 D = Other kills in this place as a percentage of other kills in the entire game.
 E = Experience gained in this place as a percentage of experience gained in the entire game.
 F = Experience gained in this place divided by the number of levels of this place that you have seen.
                   A       B       C       D       E      F
               +-------+-------+-------+-------+-------+----------------------
         Total | 100.0 | 100.0 |   N/A |   N/A | 100.0 |  13.7
       Dungeon | 100.0 | 100.0 |   N/A |   N/A | 100.0 |  16.0
               +-------+-------+-------+-------+-------+----------------------

Vault maps used:
D:1:      shiori_arrival_maze, minmay_gold_behind_fungi, minmay_pentomino_o4
D:2:      grunt_temple_overflow_open, chequers_ecumenical_altar_island,
          grunt_decor_cap, minivault_26, uniq_sigmund
D:3:      led_sif_pool
D:4:      gammafunk_temple_overflow_claw, first_ration, serial_bayou_pond_d,
          bloody_makhleb
D:6:      minmay_temple_entry_statues_fountains, serial_shops, shop, shop, shop,
          nicolae_shop_crystal, kennysheep_mini_moat, enter_ossuary_3,
          uniq_grinder
Temple:   compressed_dpeg_triangle_lava_temple
